 Dungeon Crawl Stone Soup version 0.30-a0-439-g9e77e4d916 (webtiles) character file.

Game seed: 10669283379400090426

14121 Sabo the Spear-Bearer (level 11, -5/102 HPs)
             Began as a Minotaur Berserker on Dec 10, 2022.
             Was an Elder of Trog.
             Slain by an ettin
             ... wielding a +0 dire flail
              (30 damage)
             ... on level 1 of the Orcish Mines on Dec 11, 2022.
             The game lasted 01:05:17 (14157 turns).

Sabo the Spear-Bearer (Minotaur Berserker)         Turns: 14157, Time: 01:05:20

Health: -5/102     AC: 21    Str: 25    XL:     11   Next: 84%
Magic:  0/10       EV:  9    Int:  8    God:    Trog [****..]
Gold:   1008       SH:  0    Dex: 11    Spells: 10/10 levels left

rFire   . . .      SeeInvis .    L - +5 halberd
rCold   . . .      Faith    .    (shield currently unavailable)
rNeg    . . .      Spirit   +    h - +4 plate armour
rPois   .          Reflect  .    n - +2 hat
rElec   .          Harm     .    (no cloak)
rCorr   .          Rampage  .    (no gloves)
Will    .....                    (no boots)
Stlth   ..........               d - amulet of the Cast Vote {Spirit Int+4}
HPRegen 0.37/turn                (no ring)
MPRegen 0.12/turn                (no ring)

@: on berserk cooldown, slowed, very slow
A: horns 2, retaliatory headbutt
a: Renounce Religion, Berserk, Trog's Hand, Brothers in Arms


You were on level 1 of the Orcish Mines.
You worshipped Trog.
Trog was greatly pleased with you.
You visited 2 branches of the dungeon, and saw 14 of its levels.

You collected 1008 gold pieces.

Inventory:

Hand Weapons
 i - a +0 arbalest
 J - a +5 halberd of chaos
 K - a +4 hand axe
 L - a +5 halberd (weapon)
Missiles
 l - 16 curare-tipped darts
 t - 33 poisoned darts (quivered)
 x - 6 boomerangs
Armour
 h - a +4 plate armour (worn)
 n - a +2 hat (worn)
Jewellery
 d - the amulet of the Cast Vote (around neck) {Spirit Int+4}
   (You acquired it on level 8 of the Dungeon)

   [amulet of guardian spirit]

   It causes incoming damage to be divided between your reserves of health and
   magic.
   Int:       It affects your intelligence (+4).
 A - a ring of ice
Wands
 g - a wand of polymorph (13)
 m - a wand of flame (13)
 r - a wand of roots (17)
 z - a wand of paralysis (13)
Scrolls
 a - 2 scrolls of enchant weapon {unknown}
 j - 2 scrolls of teleportation
 k - a scroll of fog {unknown}
 y - 2 scrolls of silence
 F - a scroll of poison
Potions
 c - 3 potions of brilliance {unknown}
 e - 2 potions of invisibility {unknown}
 f - 4 potions of curing {unknown}
 u - 4 potions of haste
 v - a potion of might
 w - a potion of berserk rage {unknown}
 C - a potion of resistance {unknown}
 E - a potion of mutation {unknown}
 G - 3 potions of magic {unknown}
 I - 3 potions of attraction {unknown}
Miscellaneous
 H - a lightning rod (4/4)


   Skills:
 + Level 11.2 Fighting
 + Level 11.2(13.4) Axes
 + Level 12.0(13.8) Polearms
 + Level 2.0 Throwing
 + Level 11.6 Armour
 + Level 4.8 Dodging
 + Level 1.3 Stealth


You had 10 spell levels left.
You didn't know any spells.
Your spell library was empty.

Dungeon Overview and Level Annotations

Branches:
Dungeon (12/15)            Temple (0/1) D:7             Orc (2/2) D:9
   Lair: D:8-11         Elf: Orc:2

Altars:
Dithmenos
Elyvilon
Fedhas
Gozag
Hepliaklqana
Kikubaaqudgha
Okawaru
Qazlal
Sif Muna
Vehumet
Wu Jian
Xom
Yredelemnul
The Shining One

Annotations:
Orc:1 2 transporters, Siyfonof's ghost, journeyman MiFi


Innate Abilities, Weirdness & Mutations

You have a pair of horns on your head.
You reflexively headbutt those who attack you in melee.


Message History

Trog accepts your kill. The orc wizard barely misses you.
The orc priest closely misses you.
You barely miss the orc priest.
The orc priest is lightly wounded.
The orc wizard barely misses you.
The orc priest hits you but does no damage.
You closely miss the orc priest.
The orc priest is lightly wounded.
You are no longer berserk.
You are exhausted.
You feel yourself slow down.
The orc warrior hits you with a +0 battleaxe.
You impale the orc priest!!
You kill the orc priest!
Trog accepts your kill.
The orc wizard hits you but does no damage.
The orc warrior hits you with a +0 battleaxe.
You hit the orc priest.
The orc priest is moderately wounded.
The orc wizard hits you but does no damage.
The orc warrior hits you but does no damage.
The orc priest completely misses you.
You slash the orc warrior!
The orc warrior is moderately wounded.
The orc wizard hits you but does no damage.
The orc warrior hits you with a +0 battleaxe!
The orc priest hits you but does no damage.
The orc wizard hits you but does no damage.
You closely miss the orc warrior. You headbutt the orc warrior!
The orc warrior is heavily wounded.
The orc warrior closely misses you.
The orc wizard hits you but does no damage.
You puncture the orc warrior!
You kill the orc warrior!
Trog accepts your kill.
The orc wizard hits you but does no damage.
The ettin hits you with a +0 dire flail!!
* * * LOW HITPOINT WARNING * * *
The ettin hits you with a +0 dire flail!!
You die...

......
#.....
#.....
##....
##.....
#.....o
......o##
.....oo@#
.....oC##
##.#...
..#.# ...
.# #. ..
# #. ##


You could see an ettin, an orc priest, an orc wizard and 3 orcs.

Vanquished Creatures
  Gastronok (D:11)
  Erolcha (D:11)
  A boulder beetle (D:11)
  A two-headed ogre (D:9)
  An orc knight (D:9)
  2 ugly things
  A cyclops (Orc:2)
  An unseen horror (D:8)
  A kobold demonologist (D:10)
  4 trolls (D:9)
  Grinder (D:3)
  A wraith (D:11)
  16 yaks
  2 shadows
  3 vampire mosquitoes (D:7)
  A steam dragon (D:6)
  2 wargs
  9 orc warriors
  2 ogres (D:9)
  3 centaurs
  2 phantoms
  3 kobold brigands
  2 bullfrogs
  A gnoll sergeant (D:10)
  A necrophage (D:5)
  4 scorpions
  16 wights
  8 howler monkeys
  A crimson imp (D:4)
  A gnoll bouda (D:6)
  13 orc priests
  2 hounds
  10 jellies
  Ijyb (D:2)
  4 iguanas
  7 orc wizards
  16 gnolls
  An adder (D:6)
  A white imp (D:5)
  3 ufetubi
  A dart slug (D:3)
  48 orcs
  2 bat skeletons (D:4)
  2 bat zombies (D:4)
  12 endoplasms
  4 giant cockroaches
  13 goblins
  2 hobgoblins
  A jackal (D:5)
  A quokka (D:3)
  3 ball pythons
  3 bats
  2 frilled lizards
  2 goblin skeletons (D:4)
  A goblin zombie (D:4)
  A hobgoblin zombie (D:4)
  22 kobolds
  2 kobold skeletons (D:4)
  2 kobold zombies (D:4)
  2 orc skeletons (D:4)
  2 orc zombies (D:4)
  6 rats
285 creatures vanquished.

Vanquished Creatures (others)
  2 plants (D:7)
2 creatures vanquished.

Grand Total: 287 creatures vanquished

Notes
Turn   | Place    | Note
-------+----------+-------------------------------------------
     0 | D:1      | Sabo the Minotaur Berserker began the quest for the Orb.
     0 | D:1      | Reached XP level 1. HP: 19/19 MP: 0/0
   137 | D:1      | Reached XP level 2. HP: 22/27 MP: 1/1
  1288 | D:2      | Noticed Ijyb
  1291 | D:2      | Reached XP level 3. HP: 32/33 MP: 2/2
  1291 | D:2      | Reached ** piety under Trog
  1298 | D:2      | Killed Ijyb
  1599 | D:3      | Reached XP level 4. HP: 41/41 MP: 3/3
  1748 | D:3      | Noticed Grinder
  1759 | D:3      | Killed Grinder
  1760 | D:3      | Reached skill level 5 in Fighting
  1760 | D:3      | Reached XP level 5. HP: 48/48 MP: 4/4
  1760 | D:3      | Reached XP level 6. HP: 56/56 MP: 5/5
  1998 | D:3      | Identified the +0 robe "Kehid" {rElec rC+}
  2568 | D:3      | Found a faded altar of an unknown god.
  2689 | D:3      | Found a white marble altar of Elyvilon.
  3014 | D:4      | Found an iron altar of Okawaru.
  3165 | D:4      | Found a glowing golden altar of the Shining One.
  3589 | D:4      | Found an ancient bone altar of Kikubaaqudgha.
  3728 | D:4      | Reached XP level 7. HP: 34/61 MP: 6/6
  4465 | D:5      | Entered Level 5 of the Dungeon
  4510 | D:5      | Reached skill level 5 in Armour
  4797 | D:5      | Reached *** piety under Trog
  5234 | D:5      | Reached XP level 8. HP: 61/70 MP: 7/7
  5955 | D:6      | Reached skill level 1 in Throwing
  6240 | D:6      | Found a radiant altar of Vehumet.
  6256 | D:6      | Found a stormy altar of Qazlal.
  7542 | D:7      | Reached skill level 10 in Axes
  7632 | D:7      | Found an ornate altar of the Wu Jian Council.
  7750 | D:7      | Reached XP level 9. HP: 79/79 MP: 8/8
  7753 | D:7      | Reached skill level 1 in Stealth
  7918 | D:7      | Found a staircase to the Ecumenical Temple.
  9753 | D:8      | Reached skill level 1 in Polearms
  9939 | D:8      | Reached skill level 2 in Polearms
  9967 | D:8      | HP: 4/80 [something (5)]
  9969 | D:8      | Killed an unseen horror
  9970 | D:8      | Reached skill level 3 in Polearms
 10380 | D:8      | Reached **** piety under Trog
 10385 | D:8      | Reached XP level 10. HP: 61/90 MP: 9/9
 10837 | D:8      | Identified a scroll of acquirement
 10837 | D:8      | Acquired the amulet of the Cast Vote {Spirit Int+4}
 10858 | D:9      | Noticed a two-headed ogre
 10868 | D:9      | Killed a two-headed ogre
 10869 | D:9      | Reached skill level 4 in Polearms
 11021 | D:9      | Reached skill level 5 in Polearms
 11037 | D:9      | Found a staircase to the Orcish Mines.
 11038 | D:9      | Paralysed by an orc for 5 turns
 11157 | D:9      | Found a shadowy altar of Dithmenos.
 11320 | D:9      | You fall into a shaft and drop 3 floors!
 11322 | D:12     | Noticed a green ugly thing
 11336 | D:12     | Killed a green ugly thing
 11337 | D:12     | Reached skill level 6 in Polearms
 11337 | D:12     | Reached skill level 10 in Armour
 11590 | D:11     | Noticed Gastronok
 11599 | D:11     | Noticed a purple ugly thing
 11600 | D:11     | Killed Gastronok
 11601 | D:11     | Reached skill level 7 in Polearms
 11604 | D:11     | Reached skill level 8 in Polearms
 11614 | D:11     | Killed a purple ugly thing
 11693 | D:11     | Noticed a boulder beetle
 11722 | D:11     | Killed a boulder beetle
 11723 | D:11     | Reached skill level 9 in Polearms
 11723 | D:11     | Reached XP level 11. HP: 29/99 MP: 3/10
 11737 | D:11     | Noticed Erolcha
 11745 | D:11     | Killed Erolcha
 11746 | D:11     | Reached skill level 10 in Fighting
 11821 | D:11     | Noticed a two-headed ogre
 12094 | D:10     | Entered Level 10 of the Dungeon
 12101 | D:10     | Reached skill level 10 in Polearms
 12152 | D:10     | Found a blossoming altar of Fedhas.
 12158 | D:10     | Found an opulent altar of Gozag.
 12391 | D:9      | Found a shimmering altar of Xom.
 12394 | D:9      | Found a hazy altar of Hepliaklqana.
 12394 | D:9      | Found a hazy altar of Hepliaklqana.
 12396 | D:9      | Found a glowing golden altar of the Shining One.
 12396 | D:9      | Found a basalt altar of Yredelemnul.
 12396 | D:9      | Found an ornate altar of the Wu Jian Council.
 12461 | D:9      | Found a shimmering blue altar of Sif Muna.
 12667 | D:9      | Reached skill level 11 in Polearms
 13149 | Orc:1    | Entered Level 1 of the Orcish Mines
 13149 | Orc:1    | Noticed an orc knight
 13161 | D:9      | Killed an orc knight
 13939 | Orc:1    | Found a transporter.
 13940 | Orc:1    | Found a transporter.
 13940 | Orc:1    | Noticed a two-headed ogre
 13940 | Orc:1    | Noticed Siyfonof's ghost (journeyman MiFi)
 13940 | Orc:1    | Noticed a two-headed ogre
 13940 | Orc:1    | Noticed a two-headed ogre
 13950 | Orc:1    | Noticed a two-headed ogre
 13958 | Orc:1    | Identified the +1 great mace "Sinleh" {vorpal, Dex+3}
 13958 | Orc:1    | Noticed an ettin
 14129 | Orc:2    | Entered Level 2 of the Orcish Mines
 14142 | Orc:2    | Reached skill level 12 in Polearms
 14145 | Orc:1    | Noticed an ettin
 14157 | Orc:1    | Slain by an ettin

Illustrated notes

Levels and vault maps discovered:
D:1:      roderic_octagonal_star, layout_loops_ring
D:2:      kennysheep_the_goblin_king, layout_rooms
D:3:      layout_basic, elyvilon_altar_1, ebering_ecumenical_altar_abandoned,
          uniq_grinder
D:4:      layout_basic, nicolae_tso_besieged_by_evil, kennysheep_vampire_church,
          okawaru_gym_becter, minmay_puff
D:5:      layout_rooms, minmay_checkerbox
D:6:      nicolae_cairo_tiling_large, layout_basic, mainiacjoe_overflow_swirl
D:7:      layout_basic, mainiacjoe_overflow_chevrons,
          minmay_temple_entry_from_below_a
D:8:      layout_gridville
D:9:      lemuel_troll_bridge, layout_cave_pools, doesnt_xom_only_xom,
          mainiacjoe_overflow_boulevard, grunt_dithmenos_shadows, orc_david_3,
          kennysheep_decorative_pillar
D:10:     layout_rooms, amcnicky_altar_gilded, lemuel_doored_altar,
          gammafunk_ghost_necromancy, serial_glass, glass_columns_b,
          glass_columns_b, bh_hangedman_babel_library, uniq_snorg
D:11:     layout_basic, lair_entry_dummy, uniq_gastronok, uniq_erolcha
D:12:     minmay_the_grid_octo_tiled_squarecenter_mashed
          [minmay_the_grid_octo_vomiting_pacman, minmay_the_grid_octo_shrine,
          minmay_the_grid_octo_odd_swirl, minmay_the_grid_octo_empty,
          minmay_the_grid_square_5x5_megaprize_checkered,
          minmay_the_grid_square_5x5_lines, minmay_the_grid_square_5x5_bite,
          minmay_the_grid_square_5x5_inner_i,
          minmay_the_grid_square_5x5_gyroscope], layout_gridville,
          fedhas_ov_isle_minmay
Orc:1:    layout_diamond_mine, gammafunk_ghost_smash
Orc:2:    grunt_orc_tribal_feast, layout_caves, nicolae_orc_stony_grotto,
          guppyfry_orc_lava_fort

Skill      XL: |  1  2  3  4  5  6  7  8  9 10 11 |
---------------+----------------------------------+-----
Axes           | 4 6 7 8 10 11 | 11.2
Fighting       | 4 5 6 7 8 9 11 | 11.2
Armour         | 3 4 5 7 9 10 11 | 11.6
Dodging        | 3 4 |  4.8
Throwing       | 1 2 |  2.0
Stealth        | 1 |  1.3
Polearms       | 3 9 12 | 12.0

Action                   |  1- 3 |  4- 6 |  7- 9 | 10-12 || total
-------------------------+-------+-------+-------+-------++-------
Melee: Hand axe          |    64 |   106 |   291 |       ||   461
       Headbutt          |    10 |    19 |    49 |    57 ||   135
       Punch             |       |       |     4 |       ||     4
       Halberd           |       |       |    37 |   301 ||   338
Throw: Dart              |       |       |    11 |       ||    11
Invok: Berserk           |     1 |     2 |     9 |     8 ||    20
  Use: Scroll            |     1 |       |    11 |     5 ||    17
       Potion            |       |       |     3 |       ||     3
Armor: Animal skin       |     8 |       |       |       ||     8
       Leather armour    |    10 |       |       |       ||    10
       Chain mail        |     1 |    62 |   193 |   120 ||   376
       Plate armour      |       |       |       |    57 ||    57
Dodge: Dodged            |    26 |    48 |   156 |   153 ||   383

Table legend: (Time is in decaauts)
 A = Elapsed time spent in this place.
 B = Non-inter-level travel time spent in this place.
 C = Inter-level travel time spent in this place.
 D = Time resting spent in this place.
 E = Time spent auto-exploring this place.
 F = Levels seen in this place.
 G = Mean time per level.
                   A        B        C        D        E       F      G
               +--------+--------+--------+--------+--------+-----+--------+
         Total |  14272 |  14272 |      0 |   4863 |      0 |  14 | 1019.4 |
       Dungeon |  13817 |  13817 |      0 |   4810 |      0 |  12 | 1151.4 |
  Orcish Mines |    455 |    455 |      0 |     53 |      0 |   2 |  227.5 |
               +--------+--------+--------+--------+--------+-----+--------+

Top non-repeatable levels by time:
     D:8: 1860 daAuts
     D:6: 1834 daAuts
     D:9: 1798 daAuts
     D:7: 1692 daAuts
     D:3: 1519 daAuts
     D:4: 1482 daAuts
     D:5: 1015 daAuts
     D:1: 962 daAuts
     D:2: 552 daAuts
    D:11: 538 daAuts
   Orc:1: 441 daAuts
    D:10: 297 daAuts
    D:12: 262 daAuts
   Orc:2: 13 daAuts
